Map: Blackpink LE

Players

Impact

  • Race: Zerg Zerg
  • Spawn Location: 1:00

Neeb - Winner!

  • Race: Protoss Protoss
  • Spawn Location: 7:00

Event: IEM Season 12 - Katowice

VOD

Have the link to the VOD?

Description

Time

  • Played on: March 2, 2018, 10:08 a.m.
  • Length: 8:26

All games in this series

Show
View Real Time Build Order
Export as new Build Order

Impact Zerg 

Build Orders: Hatch First 

Get SALT Encoding   

  12  0:00  Drone  
  13  0:13  Overlord  
  13  0:17  Drone  
  14  0:31  Drone x2  
  16  0:48  Hatchery  
  15  0:51  Drone  
  15  0:54  Drone  
  17  0:57  Drone  
  18  1:09  Drone, Extractor  
  18  1:16  Spawning Pool  
  17  1:19  Drone  
  18  1:29  Drone  
  19  1:40  Drone  
  19  1:47  Hatchery  
  19  1:50  Drone  
  20  2:00  Drone  
  21  2:03  Zergling x2  
  21  2:04  Queen  
  24  2:13  Metabolic Boost  
  24  2:14  Drone  
  25  2:20  Overlord  
  25  2:24  Drone  
  25  2:28  Zergling x2  
  27  2:32  Zergling x2  
  28  2:39  Queen  
  28  2:41  Drone  
  30  2:45  Drone  
  30  2:48  Zergling x2  
  32  2:54  Zergling x4  
  32  2:58  Queen  
  34  2:59  Drone  
  34  3:04  Overlord  
  33  3:20  Drone x2  
  33  3:21  Drone  
  33  3:22  Drone x3  
  33  3:23  Drone  
  39  3:27  Spore Crawler  
  39  3:28  Spore Crawler  
  39  3:30  Spore Crawler  
  39  3:33  Drone  
  37  3:37  Drone  
  37  3:40  Drone  
  39  3:42  Drone  
  39  3:43  Drone  
  39  3:47  Overlord  
  41  3:50  Drone  
  41  3:51  Drone  
  41  3:52  Drone  
  41  3:55  Drone  
  45  3:58  Drone x2  
  45  4:01  Overlord  
  47  4:06  Drone  
  47  4:07  Drone  
  47  4:08  Drone  
  50  4:13  Overlord  
  50  4:20  Drone  
  50  4:21  Drone  
  50  4:22  Drone  
  50  4:23  Drone x2  
  57  4:25  Drone  
  57  4:26  Drone  
  57  4:29  Overlord  
  57  4:35  Roach Warren, Lair  
  57  4:36  Drone, Extractor  
  57  4:37  Extractor  
  57  4:38  Drone  
  54  4:42  Drone  
  54  4:43  Drone  
  56  4:47  Drone x3  
  56  4:51  Drone x2  
  61  4:53  Drone x2  
  61  4:58  Overlord  
  63  5:00  Drone  
  63  5:02  Queen  
  63  5:04  Drone x2  
  63  5:07  Overlord  
  68  5:09  Drone  
  68  5:11  Overlord  
  68  5:13  Overlord  
  67  5:18  Zergling x2  
  67  5:19  Zergling x8  
  68  5:22  Zergling x2  
  68  5:24  Zergling x2  
  68  5:25  Zergling x2  
  68  5:27  Queen  
  63  5:31  Zergling x2  
  63  5:35  Zergling x2  
  61  5:41  Zergling x2  
  56  5:43  Zergling x2  
  56  5:45  Zergling x2  
  53  5:54  Drone  
  53  5:55  Queen  
  53  5:56  Drone  
  57  5:57  Drone  
  57  5:58  Drone  
  58  6:05  Spire  
  58  6:06  Drone  
  58  6:10  Drone  
  57  6:13  Drone x3  
  57  6:15  Drone x2  
  59  6:20  Drone  
  59  6:21  Drone  
  60  6:29  Drone x2  
  60  6:32  Extractor, Glial Reconstitution  
  61  6:36  Drone x4, Evolution Chamber  
  61  6:38  Drone  
  65  6:46  Drone x2, Baneling Nest  
  66  6:47  Drone  
  66  6:50  Extractor x2  
  66  6:53  Overlord x2  
  65  7:06  Drone x4  
  69  7:09  Drone  
  69  7:10  Drone  
  69  7:11  Drone x2  
  73  7:17  Drone  
  73  7:20  Hatchery  
  71  7:25  Drone x4  
  71  7:28  Overlord  
  75  7:36  Roach x2  
  79  7:37  Roach  
  80  7:47  Mutalisk x3  
  84  7:51  Mutalisk x3  
  84  7:56  Mutalisk x2  
  94  8:00  Roach x4  
Show
View Real Time Build Order
Export as new Build Order

Neeb Protoss - Winner!

Build Orders: 1 Gate Expand, Oracle Opening, Phoenix Opening, Mass Adepts, Zealot Archon 

Get SALT Encoding   

  12  0:00  Probe  
  13  0:12  Probe  
  14  0:18  Pylon  
  14  0:24  Probe  
  15  0:33  Assimilator  
  15  0:36  Probe (Chrono Boost)  
  16  0:44  Gateway  
  16  0:48  Probe (Chrono Boost)  
  17  0:53  Probe (Chrono Boost)  
  18  1:03  Probe  
  19  1:15  Probe  
  20  1:22  Nexus  
  20  1:32  Cybernetics Core  
  20  1:35  Probe  
  21  1:40  Assimilator  
  21  1:47  Probe  
  21  1:49  Pylon  
  22  1:59  Probe  
  23  2:06  Adept (Chrono Boost)  
  25  2:10  Warp Gate  
  25  2:11  Probe  
  26  2:20  Stargate  
  26  2:23  Probe  
  26  2:24  Adept (Chrono Boost)  
  29  2:35  Probe x2  
  31  2:43  Adept (Chrono Boost)  
  31  2:47  Probe x2  
  35  2:56  Gateway  
  35  3:02  Probe x2, Oracle (Chrono Boost)  
  40  3:14  Gateway  
  40  3:15  Probe  
  40  3:17  Probe  
  42  3:27  Probe  
  39  3:29  Probe, Phoenix (Chrono Boost)  
  39  3:32  Adept  
  44  3:36  Pylon  
  44  3:39  Probe  
  45  3:41  Probe  
  46  3:51  Oracle (Chrono Boost)  
  46  3:54  Probe x2  
  46  3:55  Pylon  
  51  3:56  Assimilator  
  51  3:59  Assimilator  
  51  4:06  Probe x2  
  53  4:13  Adept x2  
  53  4:14  Adept  
  59  4:18  Probe x2  
  61  4:29  Pylon  
  61  4:30  Probe  
  62  4:35  Pylon  
  62  4:43  Nexus  
  62  4:47  Probe  
  62  4:50  Adept x3  
  62  4:52  Probe  
  70  5:00  Probe  
  70  5:04  Probe, Robotics Facility  
  72  5:13  Probe, Zealot  
  74  5:16  Probe  
  73  5:21  Zealot  
  73  5:22  Zealot  
  73  5:25  Probe  
  78  5:32  Pylon  
  78  5:35  Pylon  
  78  5:40  Twilight Council  
  78  5:43  Probe  
  78  5:44  Probe  
  78  5:48  Sentry  
  78  5:49  Zealot, Sentry  
  78  5:50  Immortal (Chrono Boost)  
  78  5:56  Probe x3  
  81  6:08  Probe x3  
  80  6:13  Immortal (Chrono Boost)  
  80  6:15  Charge (Chrono Boost)  
  80  6:17  Zealot, Sentry x2  
  86  6:20  Probe x2, Templar Archives  
  86  6:21  Probe  
  93  6:30  Pylon  
  93  6:32  Probe, Assimilator  
  94  6:34  Assimilator  
  94  6:35  Pylon  
  94  6:36  Probe  
  96  6:44  Gateway  
  96  6:45  Probe  
  96  6:46  Probe  
  97  6:48  Gateway  
  97  6:50  Observer (Chrono Boost), Gateway  
  97  6:54  Probe  
  99  7:01  Gateway  
  99  7:02  Gateway  
  99  7:03  Immortal (Chrono Boost)  
  99  7:04  High Templar x2  
  99  7:07  Pylon, Zealot  
  109  7:09  Archon  
  109  7:12  Probe  
  110  7:28  Forge  
  110  7:29  Forge  
  110  7:37  Warp Prism (Chrono Boost)  
  110  7:38  High Templar x3  
  110  7:42  Archon  
  110  7:43  High Templar  
  120  7:44  Zealot  
  120  7:45  Nexus  
  120  7:51  Archon  
  122  7:54  Pylon  
  122  7:59  Zealot x3  
  132  8:13  Pylon  
  132  8:14  Pylon x2  
  132  8:15  Pylon  
  132  8:23  Zealot x2  
  132  8:24  Zealot x2  

Tags
 
Add a new tag
Caveats
  • Supply blocks, unpowered buildings, or Contaminate may cause inaccurate times.
  • Supply counts are checked every 10 seconds.